 Dungeon Crawl Stone Soup version 0.29.0-4-gdea44cf6ec (webtiles) character file.

Game seed: 15952695092925900885

42 qw the Chopper (level 3, 0/21 HPs)
             Began as a Tengu Warper on Aug 28, 2022.
             Slain by a quokka (1 damage)
             ... on level 2 of the Dungeon.
             The game lasted 00:00:06 (702 turns).

qw the Chopper (Tengu Warper)                        Turns: 702, Time: 00:00:06

Health: 0/21       AC:  3    Str: 13    XL:     3   Next: 56%
Magic:  7/7        EV: 12    Int: 13    God:
Gold:   52         SH:  0    Dex: 13    Spells: 6/6 levels left

rFire   . . .      SeeInvis .   Y - +0 hand axe
rCold   . . .      Faith    .   (no shield)
rNeg    . . .      Spirit   .   b - +0 leather armour
rPois   .          Reflect  .   (helmet restricted)
rElec   .          Harm     .   (no cloak)
rCorr   .          Rampage  .   (no gloves)
Will    .....                   (boots unavailable)
Stlth   +.........              (no amulet)
HPRegen 0.07/turn               (no ring)
MPRegen 0.10/turn               (no ring)

@: no status effects
A: beak, talons 3, deterioration 1
a: no special abilities


You were on level 2 of the Dungeon.
You visited 1 branch of the dungeon, and saw 2 of its levels.

You collected 52 gold pieces.


Innate Abilities, Weirdness & Mutations

You have a beak for a mouth.
You have claws for feet.
Your body sometimes deteriorates upon taking damage.


   Skills:
 - Level 2.0 Fighting
 + Level 4.2 Axes
 - Level 1.0 Throwing
 - Level 1.1 Armour
 - Level 2.1 Dodging
 - Level 2.0 Spellcasting
 - Level 2.4 Translocations


You had 6 spell levels left.
You didn't know any spells.
Your spell library contained the following spells:

 Spells                   Type           Power      Damage    Failure   Level
 Blink                    Tloc           14%        N/A       19%         2
 Gell's Gravitas          Tloc           7%         N/A       36%         3
 Lesser Beckoning         Tloc           7%         N/A       36%         3
 Teleport Other           Tloc           7%         N/A       36%         3
 Manifold Assault         Tloc           7%         N/A       98%         5

Inventory:

Hand Weapons
 h - a +0 club
 Y - a +0 hand axe (weapon)
Armour
 b - a +0 leather armour (worn)
 c - the +2 robe of the Past {Harm}
   (You found it on level 2 of the Dungeon)

   Harm:      It increases damage dealt and taken.
Potions
 a - a potion of curing {unknown}
 e - a potion of mutation
 g - a potion of might {unknown}

Dungeon Overview and Level Annotations

Branches:
Dungeon (2/15)

Altars:


Message History

The worm is severely wounded.
The worm bites you!
You completely miss the worm. You peck the worm.
The worm is severely wounded.
You hit the worm but do no damage. You claw the worm, but do no damage.
The worm is severely wounded.
A quokka comes into view.
The worm bites you.
689 ||| Stepping ~*~*~tactically~*~*~ (stealth).
You barely miss the worm. Your kick misses the worm.
The worm is severely wounded.
You hit the worm. Your kick misses the worm.
The worm is almost dead.
The worm closely misses you.
You hit the worm.
You kill the worm!
You start resting.
A quokka is nearby!
You hit the quokka. Your kick misses the quokka.
The quokka is moderately wounded.
The quokka barely misses you.
The quokka bites you but does no damage.
You barely miss the quokka.
The quokka is moderately wounded.
The quokka bites you but does no damage.
You hit the quokka. Your kick misses the quokka. Your peck misses the quokka.
The quokka is severely wounded.
The quokka closely misses you.
You closely miss the quokka. Your kick misses the quokka.
Your peck misses the quokka.
The quokka is severely wounded.
The quokka misses you. The quokka barely misses you.
You miss the quokka. Your kick misses the quokka.
You peck the quokka, but do no damage.
The quokka is severely wounded.
The quokka bites you.
You barely miss the quokka.
The quokka is severely wounded.
The quokka bites you.
You die...

#..........#
#........[.## #
#...........####
..
#..............#
...
#.<........###.#
....
#########......#
.....
######.)#......
#.......)......
#.....@........
#.....r$#......
#.......#......
#..............
#).............
#$......##.....
#........# ....r
#........# ..


You could see a quokka.

Vanquished Creatures
  A gnoll (D:1)
  A worm (D:2)
  A dart slug (D:1)
  2 ball pythons (D:1)
  2 bats (D:1)
  4 endoplasms
  4 goblins
  2 hobgoblins
  2 jackals (D:1)
  A quokka (D:1)
  2 kobolds
  2 rats (D:1)
24 creatures vanquished.

Notes
Turn   | Place    | Note
-------+----------+-------------------------------------------
     0 | D:1      | qw the Tengu Warper began the quest for the Orb.
     0 | D:1      | Reached XP level 1. HP: 12/12 MP: 4/4
     0 | D:1      | 0 ||| qw: Version: 0.1-a-89-g26bdef1
     0 | D:1      | 0 ||| qw: Game counter: 1644
     0 | D:1      | 0 ||| qw: Always use a shield: true
     0 | D:1      | 0 ||| qw: God list: Okawaru
     0 | D:1      | 0 ||| qw: Allow faded altars: false
     0 | D:1      | 0 ||| qw: Do Orc after D:15 true
     0 | D:1      | 0 ||| qw: Do second Lair branch before Depths: true
     0 | D:1      | 0 ||| qw: Lair rune preference: random
     0 | D:1      | 0 ||| qw: Plans: Normal
     0 | D:1      | 0 ||| PLANNING D:1-11
    63 | D:1      | Reached XP level 2. HP: 17/17 MP: 6/6
   101 | D:1      | Reached skill level 3 in Axes
   142 | D:1      | Found a faded altar of an unknown god.
   236 | D:1      | Reached XP level 3. HP: 20/21 MP: 7/7
   237 | D:1      | 237 ||| Stepping ~*~*~tactically~*~*~ (stealth).
   238 | D:1      | 238 ||| Stepping ~*~*~tactically~*~*~ (hiding).
   262 | D:1      | 262 ||| Stepping ~*~*~tactically~*~*~ (stealth).
   263 | D:1      | 263 ||| Stepping ~*~*~tactically~*~*~ (stealth).
   341 | D:1      | Reached skill level 4 in Axes
   436 | D:1      | 436 ||| Stepping ~*~*~tactically~*~*~ (stealth).
   438 | D:1      | 438 ||| Stepping ~*~*~tactically~*~*~ (stealth).
   616 | D:1      | 616 ||| READING scroll labelled RIANAZ EDWAFEDGH.
   620 | D:1      | 620 ||| READING scroll labelled EWODULOQ NEELA.
   621 | D:1      | 621 ||| READING scroll labelled GOAHAEBREA.
   622 | D:1      | 622 ||| READING scroll labelled COAQISOLUTZ.
   623 | D:1      | 623 ||| DRINKING 2 fuming purple potions.
   623 | D:1      | Gained mutation: Your body sometimes deteriorates upon
                  | taking damage. [potion of mutation]
   624 | D:1      | 624 ||| DROPPING scroll of blinking.
   659 | D:2      | Identified the +2 robe of the Past {Harm}
   663 | D:2      | 663 ||| Stepping ~*~*~tactically~*~*~ (stealth).
   664 | D:2      | 664 ||| Stepping ~*~*~tactically~*~*~ (stealth).
   666 | D:2      | 666 ||| Stepping ~*~*~tactically~*~*~ (stealth).
   688 | D:2      | HP: 1/21 [worm (5)]
   689 | D:2      | 689 ||| Stepping ~*~*~tactically~*~*~ (stealth).
   701 | D:2      | HP: 1/21 [quokka (1)]
   702 | D:2      | Slain by a quokka

Levels and vault maps discovered:
D:1:      scummos_arrival_gate, layout_rooms, hellmonk_ecumenical_altar_zigzags,
          wad_floor_pattern_untrapped
D:2:      layout_rooms

Skill      XL: |  1  2  3 |
---------------+----------+-----
Axes           | 3 4 |  4.2
Fighting       | |  2.0
Throwing       | |  1.0
Armour         | |  1.1
Dodging        | |  2.1
Spellcasting   | |  2.0
Translocations | |  2.4

Action                   || total
-------------------------++-------
Melee: Hand axe          ||    55
       Kick              ||    11
       Peck              ||     8
Throw: Boomerang         ||     7
  Use: Scroll            ||     4
       Potion            ||     1
Armor: Leather armour    ||     6
Dodge: Dodged            ||    19

Table legend:
 A = Non-vault XP
 B = Vault XP
 C = Vault XP percentage of total XP
 D = Non-vault monster count
 E = Vault monster count
 F = Vault count percentage of total count
                 A         B        C        D         E       F
            +---------+---------+-------+---------+---------+-------
      Total |      61 |       0 |   0.0 |      24 |       0 |   0.0
            +---------+---------+-------+---------+---------+-------
        D:1 |      49 |       0 |   0.0 |      19 |       0 |   0.0
        D:2 |      12 |       0 |   0.0 |       5 |       0 |   0.0
            +---------+---------+-------+---------+---------+-------
